 Dungeon Crawl Stone Soup version 0.28.0 (webtiles) character file.

Game seed: 17413521974574538189

6830 browni3141 the Cleaver (level 10, -10/94 HPs)
             Began as a Minotaur Berserker on Feb 10, 2022.
             Was a High Priest of Trog.
             Killed by divine providence
             ... invoked by a meliai
              (12 damage)
             ... on level 9 of the Dungeon.
             The game lasted 00:07:36 (9933 turns).

browni3141 the Cleaver (Minotaur Berserker)         Turns: 9933, Time: 00:07:37

Health: -10/94     AC: 14    Str: 24    XL:     10   Next: 77%
Magic:  9/9        EV: 13    Int: 10    God:    Trog [*****.]
Gold:   401        SH:  5    Dex: 18    Spells: 9/9 levels left

rFire   + . .      SeeInvis .   H - +0 battleaxe
rCold   . . .      Faith    .   (shield currently unavailable)
rNeg    . . .      Spirit   .   D - +1 chain mail of the Wasteland {rF+ Int+6}
rPois   .          Reflect  +   z - +0 hat
rElec   .          Harm     .   (no cloak)
rCorr   .          Rampage  .   (no gloves)
Will    .....                   G - +0 pair of boots
Stlth   ..........              w - amulet of reflection
HPRegen 0.25/turn               y - +4 ring of protection
MPRegen 0.11/turn               t - +6 ring of dexterity

@: lethally poisoned (-10 -> -16), corroded, on berserk cooldown, slowed, very
slow
A: horns 2, retaliatory headbutt
a: Renounce Religion, Berserk, Trog's Hand, Brothers in Arms


You were on level 9 of the Dungeon.
You worshipped Trog.
Trog was extremely pleased with you.
You visited 1 branch of the dungeon, and saw 9 of its levels.

You collected 478 gold pieces.
You spent 77 gold pieces at shops.

Inventory:

Hand Weapons
 a - a +0 hand axe
 A - a +0 war axe
 H - a +0 battleaxe (weapon)
Missiles
 j - 6 silver boomerangs (quivered)
 B - a throwing net
Armour
 b - a +0 animal skin
 g - a +0 chain mail
 u - a +0 plate armour
 z - a +0 hat (worn)
 D - the +1 chain mail of the Wasteland (worn) {rF+ Int+6}
   (You found it on level 5 of the Dungeon)

   Int:       It affects your intelligence (+6).
   rF:        It protects you from fire.
 G - a +0 pair of boots (worn)
Jewellery
 h - a ring of positive energy
 t - a +6 ring of dexterity (right hand)
 v - a +4 ring of evasion
 w - an amulet of reflection (around neck)
 y - a +4 ring of protection (left hand)
 C - an amulet of faith
 F - a +6 ring of intelligence
Wands
 M - a wand of flame (21)
 R - a wand of acid (4)
Scrolls
 d - 5 scrolls of brand weapon {unknown}
 f - 3 scrolls of immolation {unknown}
 i - a scroll of fear {unknown}
 m - 2 scrolls of amnesia {unknown}
 n - 10 scrolls of identify
 o - 3 scrolls of enchant weapon {unknown}
 p - 3 scrolls of teleportation
 s - a scroll of blinking {unknown}
 x - a scroll of fog
 E - a scroll of silence {unknown}
 L - a scroll of vulnerability {unknown}
 O - a scroll of holy word {unknown}
Potions
 c - a potion of degeneration {unknown}
 e - a potion of mutation {unknown}
 k - 3 potions of attraction {unknown}
 l - 5 potions of curing {unknown}
 q - 3 potions of heal wounds {unknown}
 r - a potion of ambrosia {unknown}
 I - a potion of brilliance {unknown}
 J - a potion of cancellation {unknown}
 K - a potion of haste {unknown}
 N - a potion of invisibility
 P - a potion of might {unknown}
 Q - a potion of flight {unknown}


   Skills:
 + Level 10.6 Fighting
 + Level 10.6 Axes
 + Level 10.2 Armour
 + Level 9.4 Dodging


You had 9 spell levels left.
You didn't know any spells.
Your spell library was empty.

Dungeon Overview and Level Annotations

Branches:
Dungeon (9/15)             Temple (0/1) D:6            Lair (0/6) D:8
    Orc: D:9-12

Altars:
Ashenzari
Xom

Shops:
D:4 ?


Innate Abilities, Weirdness & Mutations

You have a pair of horns on your head.
You reflexively headbutt those who attack you in melee.


Message History

The meliai is heavily wounded.
You feel very sick. The meliai completely misses you.
The meliai stings you but does no damage.
The meliai hits you with a +0 hand axe! The meliai stings you.
A kobold brigand comes into view.
It is wielding a +0 whip and quivering poisoned darts.
You barely miss the meliai.
The meliai is heavily wounded.
You are no longer berserk.
You are exhausted.
You feel yourself slow down.
You feel very sick.
The meliai calls down the wrath of its god upon you.
Something smites you! The meliai hits you with a +0 hand axe!
* * * LOW HITPOINT WARNING * * *
The meliai stings you but does no damage.
You hear a shout! x2
You hit the meliai but do no damage. Your headbutt misses the meliai.
The meliai is heavily wounded.
You feel very sick. The meliai hits you but does no damage.
You block the meliai's attack. The meliai hits you but does no damage.
The meliai stings you but does no damage.
The meliai hits you with a +0 hand axe.
* * * LOW HITPOINT WARNING * * *
The meliai misses you.
A kobold comes into view. It is wielding a +0 short sword.
You are too injured to fight recklessly!
You closely miss the meliai. Your headbutt misses the meliai.
The meliai is heavily wounded.
You feel very sick.
The meliai barely misses you. x2; The meliai hits you with a +0 hand axe!
* * * LOW HITPOINT WARNING * * *
The meliai stings you but does no damage.
The meliai hits you with a +0 hand axe.
* * * LOW HITPOINT WARNING * * *
The meliai stings you but does no damage.
The meliai mumbles some strange prayers to its god against you.
Something smites you!
You die...

#.##.##)#.### ... .
##...........######....
..###..##..................
.......######.......†......
........# #.####.......###
..###...# #.##...#######...
. #...##.#..#..### #
#...#.#. ####..# #<)..#
#..@##...# #....# #.#y..#
.## #....# .K#.#.# # #....#
#K..###.. #.....##.# # .#.
#.....##. . # #.....## #
#.....#


You could see a kobold brigand, a meliai and a kobold.

Vanquished Creatures
  Erica (D:8)
  A cane toad (shapeshifter) (D:9)
  3 komodo dragons (D:8)
  Grinder (D:5)
  5 yaks (D:9)
  A wyvern (D:9)
  2 steam dragons (D:8)
  A basilisk (D:8)
  An acid dragon (D:9)
  A water moccasin (D:8)
  An ice beast (D:5)
  An orc warrior (D:7)
  A black bear (D:7)
  The ghost of Sanktem7 the Covered, an amateur MiFi (D:3)
  A sky beast (D:7)
  A necrophage (D:7)
  A kobold brigand (D:4)
  3 bullfrogs
  A wyvern zombie (D:7)
  6 scorpions
  5 killer bees (D:7)
  4 wights
  2 howler monkeys (D:4)
  An electric eel (D:6)
  3 centaur zombies
  A bullfrog zombie (D:5)
  3 gnoll shamans
  6 hounds
  3 jellies
  3 orc priests
  A bullfrog skeleton (D:5)
  A centaur skeleton (D:6)
  6 orc wizards
  2 iguanas
  A killer bee zombie (D:6)
  A hound zombie (D:3)
  2 howler monkey zombies
  36 gnolls
  11 adders
  A shadow imp (D:8)
  A white imp (D:4)
  2 ufetubi
  2 worms (D:2)
  4 dart slugs
  47 orcs
  6 ball pythons
  4 bats
  8 endoplasms
  3 giant cockroaches
  6 goblins
  4 hobgoblins
  12 jackals
  3 quokkas
  4 frilled lizards
  13 kobolds
  5 rats
251 creatures vanquished.

Vanquished Creatures (others)
  2 plants (D:4)
2 creatures vanquished.

Grand Total: 253 creatures vanquished

Notes
Turn   | Place    | Note
-------+----------+-------------------------------------------
     0 | D:1      | browni3141 the Minotaur Berserker began the quest for the
                  | Orb.
     0 | D:1      | Reached XP level 1. HP: 19/19 MP: 0/0
   299 | D:1      | Reached XP level 2. HP: 27/27 MP: 1/1
   596 | D:1      | Found a faded altar of an unknown god.
  1073 | D:2      | Reached XP level 3. HP: 27/33 MP: 2/2
  1140 | D:2      | Found a shimmering altar of Xom.
  1211 | D:2      | Reached ** piety under Trog
  1542 | D:2      | Reached XP level 4. HP: 41/41 MP: 3/3
  2348 | D:3      | Reached XP level 5. HP: 32/47 MP: 4/4
  2612 | D:3      | Found a broken altar of Ashenzari.
  2813 | D:3      | Found a runed translucent door.
  2814 | D:3      | Noticed Sanktem7's ghost (amateur MiFi)
  3166 | D:3      | Killed Sanktem7's ghost
  3167 | D:3      | Reached skill level 5 in Fighting
  3167 | D:3      | Reached skill level 5 in Axes
  3420 | D:4      | Reached XP level 6. HP: 48/56 MP: 5/5
  3585 | D:4      | Found Gewypn's Magic Scroll Shoppe.
  3593 | D:4      | Bought a scroll of fog for 22 gold pieces
  3593 | D:4      | Bought a scroll of identify for 22 gold pieces
  3593 | D:4      | Bought a scroll of teleportation for 33 gold pieces
  4076 | D:4      | Reached *** piety under Trog
  4222 | D:4      | Reached skill level 5 in Armour
  4222 | D:4      | Reached XP level 7. HP: 48/62 MP: 6/6
  4525 | D:4      | Reached **** piety under Trog
  4527 | D:4      | Reached skill level 5 in Dodging
  5278 | D:5      | Entered Level 5 of the Dungeon
  5394 | D:5      | Reached XP level 8. HP: 60/70 MP: 7/7
  5817 | D:5      | Noticed Grinder
  5827 | D:5      | Killed Grinder
  6034 | D:5      | Identified the +1 chain mail of the Wasteland {rF+ Int+6}
  6309 | D:6      | Found a staircase to the Ecumenical Temple.
  6888 | D:6      | Reached XP level 9. HP: 81/81 MP: 8/8
  7495 | D:7      | Reached ***** piety under Trog
  7986 | D:8      | Noticed Erica
  7996 | D:8      | Killed Erica
  7997 | D:8      | Reached XP level 10. HP: 91/91 MP: 9/9
  8821 | D:8      | Reached skill level 10 in Fighting
  8821 | D:8      | Reached skill level 10 in Axes
  9129 | D:8      | Found a staircase to the Lair.
  9703 | D:9      | Reached skill level 10 in Armour
  9920 | D:9      | Noticed a cane toad
  9925 | D:9      | Killed a cane toad
  9933 | D:9      | HP: 2/94 [meliai (6)]
  9933 | D:9      | Killed from afar by a meliai

Illustrated notes

Levels and vault maps discovered:
D:1:      dpeg_arrival_tiny_f, layout_loops_ring,
          dreamdust_ecumenical_altar_hidden_monk_grotto
D:2:      minmay_razor_zed, layout_loops_corners, basic_altar,
          minmay_misc_feat_more_columns
D:3:      layout_basic, evilmike_ruin_ashenzari, ebering_ghost_reflecting_pool
D:4:      lemuel_castle_with_subvaults [lemuel_castle_interior_carwin_1],
          layout_basic, serial_shops, shop
D:5:      layout_rooms, kennysheep_nub, kennysheep_generic_room_3, uniq_grinder
D:6:      layout_loops_cross, minmay_temple_entry_statues_fountains,
          minmay_crystal_water
D:7:      layout_loops_ring, grunt_tough_drop
D:8:      layout_rooms, erik_lair_dragon, serial_corexii_hall,
          corexii_hall_statues_s, corexii_hall_statues_x, uniq_erica
D:9:      minmay_ornate_pinched, layout_long_grid, nzn_makhleb_speed_demon

Skill      XL: |  1  2  3  4  5  6  7  8  9 10 |
---------------+-------------------------------+-----
Fighting       | 4 5 6 7 9 10 | 10.6
Axes           | 4 5 6 7 9 10 | 10.6
Armour         | 3 4 5 6 7 9 10 | 10.2
Dodging        | 3 4 5 6 8 9 |  9.4

Action                   |  1- 3 |  4- 6 |  7- 9 | 10-12 || total
-------------------------+-------+-------+-------+-------++-------
Melee: Hand axe          |    77 |   173 |   121 |       ||   371
       Punch             |     1 |     4 |     2 |       ||     7
       Headbutt          |     8 |    25 |    69 |    20 ||   122
       War axe           |       |       |   135 |       ||   135
       Battleaxe         |       |       |    72 |    96 ||   168
Throw: Boomerang         |       |       |     6 |       ||     6
Invok: Berserk           |     2 |     1 |     6 |     2 ||    11
       Trog's Hand       |       |       |     1 |       ||     1
 Stab: Sleeping          |     1 |       |       |       ||     1
Armor: Animal skin       |    10 |       |       |       ||    10
       Chain mail        |    27 |    44 |    96 |    48 ||   215
       Plate armour      |       |    63 |   115 |       ||   178
Dodge: Dodged            |    34 |    78 |   156 |    63 ||   331
Block: Other             |       |    16 |    70 |    21 ||   107
       Reflection        |       |       |     3 |       ||     3
